Match 45346597
Unlisted

Match 45346597
End
Scout Squad
Scout Squad
Selects Airborne Battlegroup
Selects Pathfinders
Construct Barracks
1⁄4-ton 4x4 Truck
Riflemen Squad
Construct Medical Station
Riflemen Squad
Mechanized Support Center
Selects Paratrooper Squad Paradrop
Construct Motor Pool
Selects Anti-tank Gun Team Paradrop
M8 Greyhound Armored Car
M8 Greyhound Armored Car
Anti-tank Gun Team Paradrop
Anti-tank Gun Team Paradrop
Designate Forward Repair Station
jesseavoy
brainfart
7k this year for sure
pagep
0
0

Comments sign in to comment!

No comments posted yet!